 Dungeon Crawl Stone Soup version 0.30.0-5-g1a98f26d00 (webtiles) character file.

Game seed: 15327052358043110714

4606 thromnambular the Fighter (level 10, -1/111 HPs)
             Began as an Ogre Hedge Wizard on May 10, 2023.
             Was an Initiate of Ru.
             Slain by a fire elemental (11 damage)
             ... created by the fiery vengeance of Ignis
             ... on level 8 of the Dungeon.
             The game lasted 00:42:37 (12084 turns).

thromnambular the Fighter (Ogre Hedge Wizard)      Turns: 12084, Time: 00:42:39

Health: -1/111     AC:  4    Str: 18    XL:     10   Next: 42%
Magic:  14/19      EV: 11    Int: 15    God:    Ru [......]
Gold:   1075       SH:  0    Dex: 10    Spells: 8/21 levels left

rFire   . . .        q - +1 mace (protect)
rCold   . . .        (no shield)
rNeg    . . .        b - +0 robe
rPois   .            c - +1 hat
rElec   .            (no cloak)
rCorr   .            (gloves unavailable)
SInv    .            (boots unavailable)
Will    +....        (no amulet)
Stlth   ++           (no ring)
HPRegen 0.38/turn    (no ring)
MPRegen 0.16/turn

%: no passive effects
@: fire susceptible
A: large, unfitting armour, tough skin 1
a: Renounce Religion


You were on level 8 of the Dungeon.
You worshipped Ru.
Ru was noncommittal.
You visited 1 branch of the dungeon, and saw 10 of its levels.

You collected 1075 gold pieces.

Inventory:

Hand Weapons
 g - a +0 mace
 j - a +0 morningstar
 m - a +0 flail
 o - a +0 flail of holy wrath
 q - a +1 mace of protection (weapon)
 D - a +0 giant club
Missiles
 k - 25 poisoned darts
 r - a curare-tipped dart
Armour
 b - a +0 robe (worn)
 c - a +1 hat (worn)
Jewellery
 f - an amulet of guardian spirit
 B - a ring of fire
Wands
 z - a wand of digging (1)
Scrolls
 e - a scroll of enchant armour
 h - 2 scrolls of vulnerability
 u - a scroll of magic mapping
 C - a scroll of enchant weapon {unknown}
 E - a scroll of butterflies {unknown}
Potions
 d - 4 potions of magic
 i - a potion of attraction
 n - 2 potions of berserk rage
 p - a potion of mutation
 t - 2 potions of might
 w - 4 potions of flight
 F - a potion of lignification {unknown}


   Skills:
 + Level 10.6 Fighting
 + Level 8.7 Maces & Flails
 - Level 6.3 Dodging
 - Level 1.4 Stealth
 - Level 6.2 Spellcasting
 - Level 0.8 Conjurations
 - Level 0.8 Summonings
 - Level 0.8 Translocations
 + Level 0.0 Air Magic


You had 8 spell levels left.
You knew the following spells:

 Your Spells              Type           Power      Damage    Failure   Level
a - Magic Dart            Conj           28%        1d4       11%         1
b - Blink                 Tloc           14%        N/A       16%         2
c - Slow                  Hex            16%        N/A       14%         1
d - Poisonous Vapours     Pois/Air       8%         N/A       22%         2
e - Call Imp              Summ           14%        N/A       16%         2
f - Lesser Beckoning      Tloc           14%        N/A       16%         2
g - Mephitic Cloud        Conj/Pois/Air  5%         N/A       36%         3

Your spell library contained the following spells:

 Spells                   Type           Power      Damage    Failure   Level
 Kiss of Death            Conj/Necr      20%        2d7       12%         1
 Sandblast                Erth           8%         2d5       14%         1
 Momentum Strike          Conj/Tloc      14%        3d8       16%         2
 Cigotuvi's Dreadful Rot  Necr/Pois/Air  8%         N/A       22%         2
 Passwall                 Tmut/Erth      3%         N/A       22%         2
 Stone Arrow              Conj/Erth      10%        3d7       36%         3
 Confusing Touch          Hex            4%         N/A       41%         3
 Summon Lightning Spire   Summ/Air       5%         N/A       77%         4
 Dispel Undead            Necr           4%         3d7       82%         4
 Freezing Cloud           Conj/Ice/Air   2%         6-21      98%         5
 Storm Form               Tmut/Air       2%         N/A       100%        7
 Maxwell's Capacitive Co  Air            2%         ∞         100%        8


Dungeon Overview and Level Annotations

Branches:
Dungeon (10/15)            Temple (0/1) D:6            Lair (0/5) D:10
    Orc: D:9-12

Altars:
Ashenzari
Dithmenos
Elyvilon
Gozag
Hepliaklqana
Ru
Trog
Uskayaw
Xom
Zin
The Shining One
Ignis

Shops:
D:9 :

Annotations:
D:8 Maurice


Innate Abilities, Weirdness & Mutations

You are too large for most types of armour.
You have tough skin. (AC +1)


Message History

* * * LOW HITPOINT WARNING * * *
The fire elemental closely misses you. The fire elemental hits you.
The fire elemental burns you!
* * * LOW HITPOINT WARNING * * *
There is a stone staircase leading up here.
The fire elemental misses you.
You climb upwards.
Level annotation: Maurice
There is a stone staircase leading down here.
Casting: Blink (safe; 16% risk of failure)
Confirm with . or Enter, or press ? or * to list all spells.
You miscast Blink.
Nothing appears to happen.
You flicker for a moment.
The fire elemental hits you.
* * * LOW HITPOINT WARNING * * *
The fire elemental burns you!
* * * LOW HITPOINT WARNING * * *
Casting: Blink (safe; 16% risk of failure)
Confirm with . or Enter, or press ? or * to list all spells.
You miscast Blink.
Nothing appears to happen.
The fire elemental barely misses you.
Casting: Blink (safe; 16% risk of failure)
Confirm with . or Enter, or press ? or * to list all spells.
You blink.
Splash!
You fall into the shallow water.
Don't expect to remain undetected while in the water.
You feel better.
Okay, then.
Okay, then.
It was a potion of resistance.
You feel protected.
It was a potion of cancellation.
Your magical effects are unravelling.
You feel magically purged.
Your magical contamination has completely faded away.
You flicker back into view.
Your resistance to elements expires.
You feel stable enough to blink again. The fire elemental hits you.
The fire elemental burns you!
You die...

# #.####.##.#
########........ # #..#
#.##.###............... #
##.# #○##.##..######........
# #.# #.°..............#.(...
# #.# ##.○..........#....###.
# #.# #..○.....~~..###.## #.
# ####.# ##...☼...~..~.###.#
#.
####....###~...~E..~..~~~##.#
#.
......####~~..~.@~..~..~~~#.#
#. ####..#
#~~..~..~⌠.~...~~#.# #. #
#..# #~~...~.⌠~..~..~~#.####.
# #..#
#~~~..~..~..~..~~#.##... #
#..# ##~~~..~..~~...~#####.##
# #..# ##.~..~.......## #.# #
#..# #..~~........# #.#
####..######............##
#.#
.........................#
#.#


You could see a fire elemental.

Vanquished Creatures
  2 two-headed ogres
  A wyvern (D:7)
  Eustachio (D:5)
  3 steam dragons
  Menkaure (D:4)
  A water moccasin (D:8)
  A black bear (D:7)
  A sky beast (D:8)
  2 centaurs
  A phantom (D:4)
  4 kobold brigands
  A gnoll sergeant (D:5)
  3 bullfrogs
  A scorpion (D:5)
  4 wights (D:8)
  4 killer bees (D:9)
  3 howler monkeys
  2 orc priests
  3 hounds
  2 jellies (D:7)
  5 iguanas
  Ijyb (D:3)
  7 orc wizards
  8 gnolls
  9 adders
  A shadow imp (D:7)
  4 white imps
  An ufetubus (D:5)
  A worm (D:3)
  16 orcs
  5 ball pythons
  7 bats
  6 endoplasms
  3 giant cockroaches
  13 goblins
  5 hobgoblins
  9 jackals
  3 quokkas
  16 frilled lizards
  24 kobolds
  8 rats
193 creatures vanquished.

Vanquished Creatures (collateral kills)
  An orc warrior (D:7)
  A killer bee (D:9)
2 creatures vanquished.

Vanquished Creatures (others)
  A howler monkey (D:6)
  An orc wizard (D:8)
  A gnoll (D:8)
  An ufetubus (D:6)
  An orc (D:8)
  33 foxfires (D:9)
38 creatures vanquished.

Grand Total: 233 creatures vanquished

Notes
Turn   | Place    | Note
-------+----------+-------------------------------------------
     0 | D:1      | thromnambular the Ogre Hedge Wizard began the quest for the
                  | Orb.
     0 | D:1      | Reached XP level 1. HP: 16/16 MP: 5/5
   395 | D:1      | Reached skill level 1 in Maces & Flails
   396 | D:1      | Reached XP level 2. HP: 17/26 MP: 0/6
  1014 | D:1      | Learned a level 2 spell: Blink
  1023 | D:1      | Reached skill level 1 in Fighting
  1023 | D:1      | Reached XP level 3. HP: 28/33 MP: 8/8
  1701 | D:2      | Found a faded altar of an unknown god.
  1727 | D:2      | Prayed at the altar of an unknown god.
  1727 | D:2      | Became a worshipper of Ignis, the Dying Flame
  2011 | D:2      | Reached skill level 2 in Fighting
  2011 | D:2      | Reached XP level 4. HP: 25/42 MP: 7/9
  2818 | D:3      | Learned a level 1 spell: Slow
  2911 | D:3      | Noticed Ijyb
  2947 | D:3      | Killed Ijyb
  2948 | D:3      | Reached skill level 3 in Fighting
  2948 | D:3      | Reached XP level 5. HP: 20/53 MP: 8/10
  3237 | D:3      | Found a hazy altar of Hepliaklqana.
  3312 | D:3      | Found a shimmering altar of Xom.
  3730 | D:4      | Found a bloodstained altar of Trog.
  3885 | D:4      | Reached XP level 6. HP: 60/62 MP: 11/11
  4022 | D:4      | Noticed Menkaure
  4029 | D:4      | Killed Menkaure
  4097 | D:4      | Reached skill level 5 in Maces & Flails
  4097 | D:4      | Reached XP level 7. HP: 46/68 MP: 12/12
  4286 | D:4      | Learned a level 2 spell: Poisonous Vapours
  4532 | D:4      | Learned a level 2 spell: Call Imp
  4535 | D:4      | Learned a level 2 spell: Lesser Beckoning
  4648 | D:4      | Found an opulent altar of Gozag.
  4688 | D:4      | Found a glowing golden altar of the Shining One.
  4689 | D:4      | Found a white marble altar of Elyvilon.
  4690 | D:4      | Found a glowing silver altar of Zin.
  4767 | D:5      | Entered Level 5 of the Dungeon
  4827 | D:5      | Reached skill level 4 in Fighting
  4827 | D:5      | Noticed Eustachio
  4973 | D:5      | Killed Eustachio
  5060 | D:5      | Found a shadowy altar of Dithmenos.
  5111 | D:5      | Reached skill level 5 in Fighting
  5525 | D:5      | Reached XP level 8. HP: 80/80 MP: 13/15
  5727 | D:5      | Reached skill level 5 in Spellcasting
  6089 | D:6      | Identified a scroll of acquirement
  6089 | D:6      | Acquired 492 gold pieces
  6182 | D:6      | Found a broken altar of Ashenzari.
  6607 | D:6      | Found a staircase to the Ecumenical Temple.
  6953 | D:6      | Reached skill level 6 in Fighting
  7665 | D:7      | Found a sacrificial altar of Ru.
  7675 | D:7      | Noticed a wyvern
  7689 | D:7      | Killed a wyvern
  7690 | D:7      | Reached skill level 7 in Fighting
  7890 | D:7      | Reached XP level 9. HP: 93/93 MP: 18/18
  8538 | D:8      | Reached skill level 8 in Fighting
  9485 | D:8      | Noticed Maurice
  9737 | D:8      | Noticed a two-headed ogre
  9771 | D:8      | Killed a two-headed ogre
  9772 | D:8      | Reached skill level 9 in Fighting
  9772 | D:8      | Reached skill level 5 in Dodging
 10020 | D:8      | Found a hide-covered altar of Uskayaw.
 10240 | D:8      | Reached XP level 10. HP: 95/107 MP: 13/19
 10451 | D:9      | Identified the +2 leather armour "Jacsu" {rElec rF+ Dex+3
                  | Stlth-}
 10771 | D:9      | Noticed a two-headed ogre
 10897 | D:9      | Killed a two-headed ogre
 10898 | D:9      | Reached skill level 10 in Fighting
 11501 | D:7      | Fell from the grace of Ignis
 11501 | D:7      | Became a worshipper of Ru the Awakened
 11609 | D:8      | You fall into a shaft and drop 2 floors!
 11609 | D:10     | Entered Level 10 of the Dungeon
 11988 | D:9      | Learned a level 3 spell: Mephitic Cloud
 12022 | D:9      | Found Dyfoshir's Book Boutique.
 12054 | D:9      | HP: 2/111 [fire elemental[the fiery vengeance of Ignis]
                  | (12)]
 12078 | D:8      | HP: 1/111 [fire elemental[the fiery vengeance of Ignis]
                  | (9)]
 12084 | D:8      | Slain by a fire elemental

Illustrated notes

Levels and vault maps discovered:
D:1:      nagdon_arrival_double_spiral, layout_loops_corners,
          serial_co_window_serial, co_window_corner_a, co_window_paths_a,
          co_window_of_opportunity_a, co_window_corner_a,
          co_window_of_opportunity_a, co_window_cross_4, co_window_paths_c,
          co_window_broadway_b, co_window_2corner, co_window_paths_d,
          glass_columns_b, minmay_lizard_king
D:2:      layout_rooms, chequers_ecumenical_altar_island
D:3:      layout_rooms, mainiacjoe_overflow_boulevard,
          mainiacjoe_overflow_surrounded_room, dk_vineyard_1,
          minmay_curled_crystal, hangedman_feature_mirror,
          corexii_leaking_fountain, uniq_ijyb
D:4:      layout_loops_cross, good_gods_temple_1, trog_hazing_becter,
          marbit_many_paths, hangedman_minor_gate_pass, uniq_menkaure
D:5:      layout_gridville, kennysheep_mini_moat, minmay_pentangle,
          uniq_eustachio
D:6:      layout_basic, nicolae_ashenzari_skybound,
          minmay_temple_entry_gardened_gates, lemuel_flamethrower_2
D:7:      layout_cave_pools, nicolae_ru_path_of_blood
D:8:      cheibrodos_helix_gallery, layout_loops_ring,
          nicolae_uskayaw_dance_hall, st_stairs_12, uniq_maurice
D:9:      layout_rooms, serial_shops, shop
D:10:     layout_loops_corners, erik_lair_orcish_takeover

Skill      XL: |  1  2  3  4  5  6  7  8  9 10 |
---------------+-------------------------------+-----
Maces & Flails | 1 2 3 5 6 8 |  8.7
Fighting       | 1 2 3 5 7 9 10 | 10.6
Dodging        | 2 3 5 6 |  6.3
Spellcasting   | 4 6 |  6.2
Stealth        | |  1.4
Conjurations   | |  0.8
Summonings     | |  0.8
Translocations | |  0.8

Action                     |  1- 3 |  4- 6 |  7- 9 | 10-12 || total
---------------------------+-------+-------+-------+-------++-------
  Melee: Club              |     7 |       |       |       ||     7
         Mace              |    71 |   116 |   418 |   115 ||   720
         Flail             |     6 |     9 |    16 |       ||    31
         Punch             |     1 |       |     3 |     1 ||     5
  Throw: Dart              |       |       |       |    11 ||    11
   Cast: Magic Dart        |    46 |    43 |    40 |     4 ||   133
         Slow              |       |     3 |    12 |     3 ||    18
         Blink             |       |     1 |     2 |     3 ||     6
         Poisonous Vapours |       |       |    12 |    14 ||    26
         Call Imp          |       |       |     6 |     3 ||     9
 Invoke: Fiery Armour      |     1 |       |     6 |       ||     7
         Foxfire Swarm     |       |       |       |     3 ||     3
         Rising Flame      |       |       |       |     1 ||     1
  Evoke: Wand              |       |     7 |    15 |     2 ||    24
    Use: Scroll            |       |    10 |    10 |     3 ||    23
         Potion            |       |       |     5 |     8 ||    13
   Stab: Sleeping          |       |       |     1 |       ||     1
 Armour: Robe              |    30 |    53 |   266 |    88 ||   437
  Dodge: Dodged            |    47 |    77 |   271 |   121 ||   516
